 Dungeon Crawl Stone Soup version 0.20.1-1-g8b1a95d (webtiles) character file.

47 nightchill the Grave Robber (level 3, -4/24 HPs)
             Began as a Human Necromancer on Dec 17, 2017.
             Killed by nerve-wracking pain
             ... invoked by Jessica
              (8 damage)
             ... on level 2 of the Dungeon.
             The game lasted 00:04:48 (1785 turns).

nightchill the Grave Robber (Human Necromancer)     Turns: 1785, Time: 00:04:51

Health: -4/24      AC:  3    Str:  8    XL:     3   Next: 97%
Magic:  1/6        EV: 12    Int: 16    God:
Gold:   69         SH:  0    Dex: 13    Spells: 5/6 levels left

rFire    . . .     SeeInvis .   d - +0 short sword
rCold    . . .     Gourm    .   (no shield)
rNeg     . . .     Faith    .   a - +0 robe
rPois    .         Spirit   .   e - +0 helmet
rElec    .         Reflect  .   (no cloak)
rCorr    .         Harm     .   (no gloves)
MR       .....                  (no boots)
Stlth    ++........             (no amulet)
Regen    0.1/turn               (no ring)
MPRegen  0.1/turn               (no ring)

@: no status effects
A: no striking features
a: no special abilities


You were on level 2 of the Dungeon.
You were not hungry.

You visited 1 branch of the dungeon, and saw 2 of its levels.

You collected 69 gold pieces.

Inventory:

Hand Weapons
 d - a +0 short sword (weapon)
Missiles
 f - 118 stones (quivered)
 g - 6 poisoned needles
Armour
 a - a +0 robe (worn)
 e - a +0 helmet (worn)
Jewellery
 j - a +3 ring of intelligence {unknown}
 p - an uncursed ring of protection from magic {unknown}
Scrolls
 h - 3 scrolls of identify {unknown}
 k - a scroll of amnesia {unknown}
 l - 2 scrolls of remove curse {unknown}
 n - a scroll of fog {unknown}
 q - a scroll of recharging {unknown}
Potions
 o - 2 potions of might {unknown}
Books
 b - a book of Necromancy

   Spells                             Type                      Level
   a - Pain                           Necromancy                   1
   b - Animate Skeleton               Necromancy                   1
   c - Vampiric Draining              Necromancy                   3
   d - Regeneration                   Charms/Necromancy            3
   e - Animate Dead                   Necromancy                   4
   f - Control Undead                 Necromancy                   4
Comestibles
 c - 3 bread rations
 i - 3 meat rations
 m - a chunk of flesh


   Skills:
 - Level 2.0 Dodging
 - Level 2.0 Stealth
 - Level 2.0 Spellcasting
 + Level 5.3 Necromancy


You had 5 spell levels left.
You knew the following spells:

 Your Spells              Type           Power        Failure   Level  Hunger
a - Pain                  Necr           ###.         2%          1    #......


Dungeon Overview and Level Annotations

Branches:
Dungeon (2/15)

Altars:
Dithmenos
Okawaru
Sif Muna
Yredelemnul

Annotations:
D:2 Jessica


Message History

Confirm with . or Enter, or press ? or * to list all spells.
You don't have enough magic to cast that spell.
Casting: Pain
Confirm with . or Enter, or press ? or * to list all spells.
You don't have enough magic to cast that spell.
You closely miss Jessica.
Jessica is heavily wounded.
Jessica hits you.
* * * LOW HITPOINT WARNING * * *
You hit Jessica.
Jessica is severely wounded.
Jessica closely misses you.
You barely miss Jessica.
Jessica is severely wounded.
Jessica hits you.
* * * LOW HITPOINT WARNING * * *
Jessica says, "I'm really upset."
Jessica gestures at you while chanting. Pain shoots through your body!
You die...

...##8## ## #.
#.##...## ...#.#
∩.∩...._# ##.#.
#.##...## ....# #.#
#####8## #..#### #.#
### ###.#.....####.#
#........)...#.#
.#..##@##...#.# ...
#.@.##..#.# .
#!...:#..#.#
#....?#....#
#!...?#..#.####### #.
##...##..#.##§§..#
#..#####..##.##._..###
#....)........§§.....#
#.......##.#########.#
#....#####.# ######.#


You could see Jessica.

Vanquished Creatures
  An adder (D:2)
  A worm (D:2)
  A dart slug (D:2)
  A leopard gecko (D:2)
  4 giant cockroaches
  3 goblins
  6 hobgoblins
  A quokka (D:2)
  3 bats (D:1)
  4 frilled lizards
  2 kobolds (D:1)
  5 rats
32 creatures vanquished.

Notes
Turn   | Place    | Note
-------+----------+-------------------------------------------
     0 | D:1      | nightchill the Human Necromancer began the quest for the Orb.
     0 | D:1      | Reached XP level 1. HP: 13/13 MP: 3/3
    71 | D:1      | Reached XP level 2. HP: 4/19 MP: 0/5
  1110 | D:1      | Reached XP level 3. HP: 24/24 MP: 4/6
  1320 | D:2      | Reached skill level 5 in Necromancy
  1420 | D:2      | Found a basalt altar of Yredelemnul.
  1420 | D:2      | Found a deep blue altar of Sif Muna.
  1573 | D:2      | Found an iron altar of Okawaru.
  1642 | D:2      | Found a shadowy altar of Dithmenos.
  1774 | D:2      | Noticed Jessica
  1785 | D:2      | Killed from afar by Jessica

Skill      XL: |  1  2  3 |
---------------+----------+-----
Necromancy     | 5 |  5.3
Dodging        | |  2.0
Stealth        | |  2.0
Spellcasting   | |  2.0

Action                   || total
-------------------------++-------
Melee: Short sword       ||    60
 Cast: Pain              ||    41
  Eat: Chunk             ||     3
Armor: Robe              ||    25
Dodge: Dodged            ||    52
